 Dungeon Crawl Stone Soup version 0.28-b1-25-g9875b3fc8c (webtiles) character file.

Game seed: 65093694801930849

2698 Fingolfin the Skirmisher (level 9, -1/55 HPs)
             Began as a Gargoyle Fighter on Feb 3, 2022.
             Was a Believer of Qazlal.
             Slain by a gnoll sergeant (10 damage)
             ... on level 7 of the Dungeon.
             The game lasted 00:14:44 (6908 turns).

Fingolfin the Skirmisher (Gargoyle Fighter)         Turns: 6908, Time: 00:14:44

Health: -1/55      AC: 17    Str: 20    XL:     9   Next: 65%
Magic:  0/12       EV: 14    Int: 13    God:    Qazlal [**....]
Gold:   271        SH:  8    Dex:  9    Spells: 8/8 levels left

rFire   . . .      SeeInvis .   C - +0 morningstar (holy)
rCold   . . .      Faith    .   c - +0 buckler
rNeg    + . .      Spirit   +   b - +0 scale mail
rPois   ∞          Reflect  .   x - +0 helmet
rElec   +          Harm     .   t - +0 cloak
rCorr   .          Rampage  .   (no gloves)
Will    +....                   s - +0 pair of boots
Stlth   ..........              j - amulet of guardian spirit
HPRegen 0.18/turn               p - +4 ring of evasion
MPRegen 0.13/turn               r - ring of willpower

@: studying Bows
A: sickness immunity, AC +6, negative energy resistance 1, electricity
resistance, torment resistance 1, petrification resistance
a: Renounce Religion, Upheaval


You were on level 7 of the Dungeon.
You worshipped Qazlal.
Qazlal was pleased with you.
You visited 2 branches of the dungeon, and saw 8 of its levels.

You collected 271 gold pieces.

Inventory:

Hand Weapons
 C - a +0 morningstar of holy wrath (weapon)
Missiles
 d - 68 arrows
 h - 170 stones (quivered)
 i - 102 bolts
 l - 134 sling bullets
 A - 21 poisoned darts
 E - a throwing net
Armour
 b - a +0 scale mail (worn)
 c - a +0 buckler (worn)
 s - a +0 pair of boots (worn)
 t - a +0 cloak (worn)
 x - a +0 helmet (worn)
Jewellery
 j - an amulet of guardian spirit (around neck)
 p - a +4 ring of evasion (left hand)
 r - a ring of willpower (right hand)
Wands
 w - a wand of flame (19)
Scrolls
 k - a scroll of fog {unknown}
 m - a scroll of summoning {unknown}
 n - a scroll of enchant armour {unknown}
 o - 5 scrolls of enchant weapon {unknown}
 q - 2 scrolls of identify {unknown}
 y - a scroll of noise {unknown}
 z - a scroll of fear {unknown}
 B - a scroll of brand weapon {unknown}
 F - a scroll of immolation {unknown}
Potions
 a - a potion of curing {unknown}
 e - a potion of mutation {unknown}
 f - 2 potions of magic {unknown}
 g - 3 potions of haste {unknown}
 u - 2 potions of attraction {unknown}
 v - a potion of invisibility {unknown}
 D - a potion of brilliance {unknown}


   Skills:
 - Level 6.0 Fighting
 - Level 6.0 Maces & Flails
 - Level 6.0 Armour
 + Level 3.9 Dodging
 - Level 6.0 Shields
 + Level 5.3 Invocations
 - Level 4.0 Evocations


You had 8 spell levels left.
You didn't know any spells.
Your spell library contained the following spells:

 Spells                   Type           Power      Damage    Failure   Level
 Animate Skeleton         Necr           0%         N/A       71%         1
 Apportation              Tloc           0%         N/A       71%         1
 Pain                     Necr           0%         1d4       71%         1
 Summon Small Mammal      Summ           0%         N/A       71%         1
 Poisonous Vapours        Pois/Air       0%         N/A       83%         2
 Wereblood                Tmut           0%         N/A       83%         2
 Ignite Poison            Fire/Tmut/Pois 0%         N/A       97%         3
 Summon Guardian Golem    Hex/Summ       0%         N/A       97%         3
 Vampiric Draining        Necr           0%         2d6       97%         3
 Summon Hydra             Summ           0%         N/A       100%        7
 Sublimation of Blood     Necr           Unusable   N/A       N/A         2

Dungeon Overview and Level Annotations

Branches:
Dungeon (7/15)             Temple (1/1) D:6

Altars:
Cheibriados
Dithmenos
Fedhas
Gozag
Hepliaklqana
Kikubaaqudgha
Makhleb
Nemelex Xobeh
Okawaru
Qazlal
Sif Muna
Trog
Vehumet
Wu Jian
Xom
Yredelemnul
Zin
The Shining One


Innate Abilities, Weirdness & Mutations

You are immune to sickness and miasma.
Your stone body is resilient. (AC +6)
You are immune to poison.
You resist negative energy. (rN+)
You are resistant to electric shocks. (rElec)
You are resistant to unholy torment.
You are immune to petrification.


Message History

The gnoll barely misses you. The kobold misses you.
The gnoll hits you but does no damage. You block the gnoll sergeant's attack.
The gnoll hits you but does no damage. The gnoll closely misses you.
The gnoll hits you but does no damage.
You puncture the gnoll!
The gnoll is severely wounded.
The kobold closely misses you. The gnoll hits you but does no damage.
The gnoll sergeant barely misses you. The gnoll hits you with a +0 whip. x2
The gnoll hits you but does no damage. x2
The kobold hits you but does no damage. You block the gnoll's attack.
Unknown command.
You thump the gnoll!
You kill the gnoll!
Qazlal accepts your kill.
The gnoll sergeant hits you from afar with a +0 trident.
The gnoll is struck by lightning.
You kill the gnoll!
Qazlal accepts your kill. The gnoll misses you. You block the gnoll's attack.
The kobold hits you but does no damage.
The gnoll hits you from afar with a +0 spear.
The gnoll sergeant hits you but does no damage.
You barely miss the gnoll. The gnoll closely misses you.
You block the howler monkey zombie's attack.
The gnoll closely misses you. The kobold misses you.
The gnoll hits you but does no damage. You block the gnoll sergeant's attack.
Unknown command.
You barely miss the gnoll. The gnoll barely misses you.
The howler monkey zombie closely misses you.
The gnoll hits you with a +0 whip. The kobold hits you but does no damage.
The gnoll hits you from afar with a +0 spear.
The gnoll sergeant closely misses you. The gnoll hits you but does no damage.
You block the howler monkey zombie's attack.
The gnoll hits you with a +0 whip!
* * * LOW HITPOINT WARNING * * *
The kobold hits you but does no damage.
The gnoll hits you from afar with a +0 spear.
* * * LOW HITPOINT WARNING * * *
The gnoll sergeant hits you from afar with a +0 trident!
You die...

#. #.# #.
#.. #.
##. . .
#######.#
#.g......
#K§g.....
#@)g.....
#Zg.###.#
#.### #.#
..# ###


You could see a gnoll sergeant, 3 gnolls, a howler monkey zombie and a kobold.

Vanquished Creatures
  Sigmund (D:3)
  A yak (D:6)
  A steam dragon (D:6)
  3 water moccasins
  2 sky beasts
  5 ogres
  3 centaurs
  A kobold brigand (D:7)
  2 scorpions
  A water moccasin zombie (D:6)
  5 wights
  A howler monkey (D:4)
  A jelly (D:6)
  2 orc priests (D:4)
  2 hounds (D:6)
  A centaur skeleton (D:4)
  4 orc wizards
  Natasha (thrice) (D:3)
  An iguana (D:4)
  A scorpion zombie (D:5)
  3 hound skeletons
  A howler monkey zombie (D:6)
  Robin (D:3)
  6 gnolls
  4 adders
  An ufetubus (D:6)
  A worm (D:5)
  A dart slug (D:3)
  22 orcs
  13 bats
  4 endoplasms
  2 giant cockroaches
  15 goblins
  11 hobgoblins
  2 jackals (D:2)
  12 kobolds
  2 quokkas (D:2)
  6 ball pythons
  3 frilled lizards
  A quokka skeleton (D:4)
  5 rats
157 creatures vanquished.

Vanquished Creatures (others)
  A howler monkey (D:7)
  A hound (D:6)
  17 plants
19 creatures vanquished.

Grand Total: 176 creatures vanquished

Notes
Turn   | Place    | Note
-------+----------+-------------------------------------------
     0 | D:1      | Fingolfin the Gargoyle Fighter began the quest for the Orb.
     0 | D:1      | Reached XP level 1. HP: 14/14 MP: 1/1
   191 | D:1      | Reached XP level 2. HP: 17/20 MP: 2/2
  1096 | D:2      | Got Naup's Disquisition on Contamination and Beguiling
  1398 | D:2      | Reached XP level 3. HP: 24/24 MP: 3/3
  1615 | D:2      | Reached skill level 5 in Fighting
  1993 | D:3      | Noticed Robin
  2013 | D:3      | Reached XP level 4. HP: 15/31 MP: 4/4
  2277 | D:3      | Noticed Natasha
  2290 | D:3      | Killed Natasha
  2514 | D:3      | Noticed Sigmund
  2538 | D:3      | Killed Sigmund
  2539 | D:3      | Reached XP level 5. HP: 30/36 MP: 5/5
  2539 | D:3      | Reached XP level 6. HP: 35/41 MP: 6/6
  2649 | D:3      | Noticed Natasha
  2885 | D:3      | Killed Natasha
  2892 | D:3      | Reached skill level 1 in Evocations
  2907 | D:3      | Killed Robin
  2950 | D:3      | Found a faded altar of an unknown god.
  2958 | D:3      | Prayed at the altar of an unknown god.
  2958 | D:3      | Became a worshipper of Qazlal Stormbringer
  2958 | D:3      | Reached * piety under Qazlal
  3161 | D:3      | Reached skill level 5 in Maces & Flails
  3278 | D:3      | Noticed Natasha
  3285 | D:3      | Killed Natasha
  3470 | D:4      | Reached XP level 7. HP: 43/46 MP: 7/7
  3558 | D:4      | Found an iron altar of Okawaru.
  3632 | D:4      | Reached ** piety under Qazlal
  3646 | D:4      | Reached XP level 8. HP: 24/51 MP: 5/8
  3913 | D:4      | Reached skill level 1 in Invocations
  3923 | D:4      | Reached skill level 1 in Dodging
  4825 | D:5      | Entered Level 5 of the Dungeon
  5190 | D:5      | Found an ancient bone altar of Kikubaaqudgha.
  5230 | D:5      | Found a shimmering blue altar of Sif Muna.
  5320 | D:5      | Reached skill level 5 in Shields
  5495 | D:5      | Reached XP level 9. HP: 55/55 MP: 11/11
  5744 | D:6      | Reached skill level 5 in Armour
  5826 | D:6      | Found a staircase to the Ecumenical Temple.
  5834 | Temple   | Entered the Ecumenical Temple
  6696 | D:6      | Reached skill level 5 in Invocations
  6908 | D:7      | Slain by a gnoll sergeant

Illustrated notes

Levels and vault maps discovered:
D:1:      lightli_arrival_boilingwater, layout_basic
D:2:      minmay_inner_zag, layout_loops_cross, serial_glass, glass_columns_a,
          glass_columns_b, item_on_display_a, minmay_strange_pillars,
          minmay_strange_pillars, grunt_decor_cap
D:3:      layout_basic, dilly_ecumenical_altar_fadedgnrine, serial_curves,
          eino_curves_03, eino_curves_02, eino_curves_04,
          nicolae_underground_beach, uniq_sigmund, uniq_natasha, uniq_robin
D:4:      layout_layer_cave, mainiacjoe_overflow_surrounded_room, serial_forest,
          infiniplex_forest_corner_2, infiniplex_forest_clump_large,
          infiniplex_forest_lined_2, infiniplex_forest_clump_medium,
          infiniplex_forest_straight_2, infiniplex_forest_pool,
          minmay_manual_mares
D:5:      layout_loops_ring, nicolae_sif_muna_little_library, old_standard_altar
D:6:      layout_gridville, minmay_temple_entry_trees, minmay_misc_feat_roman
D:7:      layout_rooms
Temple:   nicolae_temple_no_exploring_needed

Skill      XL: |  1  2  3  4  5  6  7  8  9 |
---------------+----------------------------+-----
Fighting       | 4 5 6 |  6.0
Maces & Flails | 4 5 6 |  6.0
Evocations     | 1 4 |  4.0
Invocations    | 3 5 |  5.3
Dodging        | 2 3 |  3.9
Shields        | 5 6 |  6.0
Armour         | 4 6 |  6.0

Action                   |  1- 3 |  4- 6 |  7- 9 || total
-------------------------+-------+-------+-------++-------
Melee: Flail             |   172 |   133 |       ||   305
       Morningstar       |       |    32 |   283 ||   315
  Use: Potion            |     1 |       |       ||     1
Armor: Scale mail        |   124 |   106 |   190 ||   420
Dodge: Dodged            |   149 |   146 |   280 ||   575
Block: Buckler           |    69 |    55 |   145 ||   269
